 Dungeon Crawl Stone Soup version 0.31.0-11-ge490571c62 (webtiles) character file.

Game seed: 14715859543476500364

308 qw the Shooter (level 6, -6/30 HPs)
             Began as a Spriggan Hunter on Feb 3, 2024.
             Killed from afar by an orc wizard (8 damage)
             ... with a puff of flame
             ... on level 4 of the Dungeon.
             The game lasted 00:00:14 (2122 turns).

qw the Shooter (Spriggan Hunter)                    Turns: 2122, Time: 00:00:15

Health: -6/30      AC:  3    Str:  7    XL:     6   Next: 17%
Magic:  7/7        EV: 21    Int: 10    God:
Gold:   178        SH:  5    Dex: 21    Spells: 5/5 levels left

rFire   . . .        a - +0 shortbow
rCold   . . .        (shield currently unavailable)
rNeg    . . .        c - +0 robe
rPois   .            (helmet restricted)
rElec   .            f - +0 cloak
rCorr   .            (gloves unavailable)
SInv    +            (boots unavailable)
Will    +....        g - amulet of reflection
Stlth   ++           (no ring)
HPRegen 0.25/turn    (no ring)
MPRegen 0.10/turn

%: reflection
@: about to teleport, very quick
A: very small, no large weapons, unfitting armour, see invisible, speed 3
a: no special abilities


You were on level 4 of the Dungeon.
You visited 2 branches of the dungeon, and saw 5 of its levels.

You collected 230 gold pieces.
You spent 52 gold pieces at shops.


Innate Abilities, Weirdness & Mutations

You are very small and have problems with some larger weapons.
You are too small for most types of armour.
You have supernaturally acute eyesight. (SInv)
You cover ground extremely quickly. (Speed+++)


   Skills:
 - Level 2.0 Fighting
 + Level 6.0 Ranged Weapons
 - Level 6.0 Dodging
 - Level 1.5 Stealth


You had 5 spell levels left.
You didn't know any spells.
Your spell library was empty.

Inventory:

Hand Weapons
 a - a +0 shortbow (weapon)
Armour
 c - a +0 robe (worn)
 f - a +0 cloak (worn)
Jewellery
 d - a ring of ice
 g - an amulet of reflection (around neck)
Wands
 b - a wand of flame (27)
Scrolls
 e - 3 scrolls of identify
 m - a scroll of fear {unknown}
 n - a scroll of revelation {unknown}
Potions
 i - a potion of heal wounds
 j - a potion of enlightenment
 k - a potion of lignification {unknown}
 l - a potion of mutation {unknown}

Dungeon Overview and Level Annotations

Branches:
Dungeon (4/15)             Temple (1/1) D:4

Altars:
Ashenzari
Cheibriados
Dithmenos
Elyvilon
Fedhas
Gozag
Hepliaklqana
Kikubaaqudgha
Makhleb
Nemelex Xobeh
Ru
Sif Muna
Trog
Uskayaw
Vehumet
Wu Jian
Yredelemnul
Zin
The Shining One

Shops:
D:2 (   D:3 ?


Message History

Enter note: You shoot an arrow.
The orc shouts!
The arrow hits the hound.
The hound is almost dead.
The hound bites you but does no damage. The orc wizard misses you.
You shoot an arrow. The arrow hits the hound.
You kill the hound!
The black bear closely misses you. The black bear claws you. x2
The orc wizard barely misses you.
The orc wizard gestures wildly while chanting.
The orc wizard flickers and vanishes for a moment.
Your Dodging skill increases to level 6!
You shoot an arrow. The arrow barely misses the orc wizard.
The black bear misses you. The black bear closely misses you.
You block the black bear's attack. The black bear misses you.
The black bear closely misses you. The black bear claws you.
You shoot an arrow. The arrow hits the orc wizard!
The orc wizard is severely wounded.
The orc wizard barely misses you. The orc completely misses you.
The black bear completely misses you. x2; The black bear misses you.
The orc wizard misses you. The orc wizard completely misses you.
The orc closely misses you.
You shoot an arrow.
The arrow hits the orc wizard but does no damage.
The orc wizard is severely wounded.
The black bear bites you! The black bear completely misses you.
The black bear claws you.
The orc wizard gestures at you while chanting.
The magic dart hits you.
The orc wizard hits you but does no damage.
You block the orc's attack.
2122 ||| READING scroll of teleportation.
As you read the scroll of teleportation, it crumbles to dust.
You feel strangely unstable. The black bear completely misses you.
The black bear claws you. The black bear misses you.
The orc wizard gestures at you while chanting.
The puff of flame hits you!
You die...

.. ......... ..
........# K... .
......... ...# ..
.....<..###...# ###...
........##...#
.#..............)##...#
................ooK..##
....... ... #...@hK...#
...##.# #.###....o...##
..##..###.#.........##
....................##
..............%......#
....................##
......#.#......#...##
.)....######..##....#
......# #........#


You could see a black bear, 2 orc wizards, an orc and 2 kobolds.

Vanquished Creatures
  A scorpion (D:4)
  A bombardier beetle (D:3)
  2 hounds (D:4)
  An orc wizard (D:4)
  4 adders
  2 dart slugs (D:4)
  2 ribbon worms
  4 orcs
  7 bats
  11 endoplasms
  A giant cockroach (D:3)
  7 goblins
  9 hobgoblins
  3 jackals (D:1)
  2 quokkas
  4 ball pythons
  4 frilled lizards
  9 kobolds
  4 rats
78 creatures vanquished.

Notes
Turn   | Place    | Note
-------+----------+-------------------------------------------
     0 | D:1      | qw the Spriggan Hunter began the quest for the Orb.
     0 | D:1      | Reached XP level 1. HP: 10/10 MP: 2/2
     0 | D:1      | 0 ||| qw: Version: 0.3-a-157-g843a77d
     0 | D:1      | 0 ||| qw: Game counter: 3598
     0 | D:1      | 0 ||| qw: Melee chars always use a shield: true
     0 | D:1      | 0 ||| qw: God list: Okawaru
     0 | D:1      | 0 ||| qw: Allow faded altars: false
     0 | D:1      | 0 ||| qw: Do Orc after clearing Dungeon:15 true
     0 | D:1      | 0 ||| qw: Do second Lair branch before Depths: true
     0 | D:1      | 0 ||| qw: Lair rune preference: random
     0 | D:1      | 0 ||| qw: Goals: Normal
     0 | D:1      | 0 ||| PLANNING D:1-11
   130 | D:1      | Reached skill level 3 in Dodging
   184 | D:1      | Reached XP level 2. HP: 12/14 MP: 3/3
   626 | D:1      | 626 ||| UPGRADING to amulet of reflection.
   631 | D:1      | 631 ||| READING scroll labelled WUFOIQ DAWONUD.
   632 | D:1      | 632 ||| READING scroll labelled COROW KAUNLIRA.
   632 | D:1      | 632 ||| IDENTIFYING bubbling white potion
   633 | D:1      | 633 ||| DROPPING scroll of butterflies.
   668 | D:2      | You fall into a shaft and drop 2 floors!
   681 | D:4      | Noticed a scorpion
   682 | D:4      | 682 ||| RETREEEEATING.
   684 | D:4      | 684 ||| DRINKING glowing brown potion.
   685 | D:4      | 685 ||| DRINKING brown potion.
   695 | D:4      | Killed a scorpion
   696 | D:4      | Reached XP level 3. HP: 5/18 MP: 4/4
   696 | D:4      | Reached XP level 4. HP: 6/22 MP: 5/5
   697 | D:4      | HP: 5/22 [poisoned by a scorpion]
   698 | D:4      | 698 ||| DRINKING potion of heal wounds.
   792 | D:4      | Found a staircase to the Ecumenical Temple.
   793 | D:4      | 793 ||| PLANNING TEMPLE
   793 | D:4      | 793 ||| READING scroll of identify.
   793 | D:4      | 793 ||| IDENTIFYING ruby potion
   794 | D:4      | 794 ||| READING scroll labelled DEIW BEOTHAGRUU.
   795 | D:4      | 795 ||| DROPPING potion of brilliance.
   808 | Temple   | Entered the Ecumenical Temple
   809 | Temple   | 809 ||| PLANNING D:1-11
   929 | D:3      | Found Hamui's Magic Scroll Emporium.
   935 | D:3      | Reached XP level 5. HP: 26/26 MP: 6/6
   945 | D:3      | 945 ||| BUYING scroll of identify (26 gold).
   945 | D:3      | Bought a scroll of identify for 26 gold pieces
   945 | D:3      | 945 ||| BUYING scroll of identify (26 gold).
   945 | D:3      | Bought a scroll of identify for 26 gold pieces
   945 | D:3      | 945 ||| SHOPLISTING scroll of teleportation (39 gold, have
                  | 11).
   995 | D:3      | 995 ||| UPGRADING to +0 cloak.
  1252 | D:2      | Found Wuuskemn's Weapon Emporium.
  1252 | D:2      | Noticed a +0 bardiche
  1252 | D:2      | Noticed a +0 triple crossbow
  1549 | D:2      | 1549 ||| READING 5 scrolls of identify.
  1549 | D:2      | 1549 ||| IDENTIFYING coppery potion
  1550 | D:2      | 1550 ||| READING 4 scrolls of identify.
  1550 | D:2      | 1550 ||| IDENTIFYING scroll labelled SAHELI DIFEFUD
  1733 | D:3      | Reached skill level 6 in Ranged Weapons
  1922 | D:3      | 1922 ||| READING 4 scrolls of identify.
  1922 | D:3      | 1922 ||| IDENTIFYING green potion
  1923 | D:3      | 1923 ||| DROPPING potion of degeneration.
  2012 | D:4      | 2012 ||| FLEEEEING.
  2066 | D:4      | Reached XP level 6. HP: 30/30 MP: 7/7
  2114 | D:4      | 2114 ||| RETREEEEATING.
  2115 | D:4      | 2115 ||| RETREEEEATING.
  2116 | D:4      | 2116 ||| RETREEEEATING.
  2119 | D:4      | Reached skill level 6 in Dodging
  2121 | D:4      | HP: 4/30 [orc wizard/magic dart (5)]
  2122 | D:4      | 2122 ||| READING scroll of teleportation.
  2122 | D:4      | Killed from afar by an orc wizard

Levels and vault maps discovered:
D:1:      nagdon_arrival_zigzag_paths, layout_basic, st_stairs_8
D:2:      layout_loops_ring, serial_shops, nicolae_shop_mannequins
D:3:      layout_rooms, serial_shops, nicolae_shop_gibbet_a_chance,
          minivault_24, guppyfry_early_orc_mine
D:4:      layout_cave_pools, xom_redecorated, minmay_temple_entry_ruins,
          serial_shops, shop, minmay_cupped
Temple:   nicolae_temple_bog_church

Skill      XL: |  1  2  3  4  5  6 |
---------------+-------------------+-----
Dodging        | 3 4 5 6 |  6.0
Ranged Weapons | 5 6 |  6.0
Fighting       | 2 |  2.0
Stealth        | |  1.5

Action                     |  1- 3 |  4- 6 || total
---------------------------+-------+-------++-------
   Fire: Shortbow          |    44 |   178 ||   222
    Use: Scroll            |     2 |     6 ||     8
         Potion            |     2 |     1 ||     3
 Armour: Robe              |     7 |    29 ||    36
  Dodge: Dodged            |    20 |    98 ||   118
  Block: Other             |     2 |    17 ||    19
         Reflection        |       |     1 ||     1

Table legend:
 A = Non-vault XP
 B = Vault XP
 C = Vault XP percentage of total XP
 D = Non-vault monster count
 E = Vault monster count
 F = Vault count percentage of total count
                 A         B        C        D         E       F
            +---------+---------+-------+---------+---------+-------
      Total |     300 |     141 |  32.0 |      64 |      14 |  17.9
            +---------+---------+-------+---------+---------+-------
        D:1 |      25 |       3 |  10.7 |      15 |       2 |  11.8
        D:2 |      36 |       0 |   0.0 |      12 |       0 |   0.0
        D:3 |      97 |      17 |  14.9 |      20 |       7 |  25.9
        D:4 |     142 |     121 |  46.0 |      17 |       5 |  22.7
            +---------+---------+-------+---------+---------+-------
